 Dungeon Crawl Stone Soup version 0.30.0-29-ga12c61a403 (webtiles) character file.

Game seed: 11625872646855703537

1478 NotreDorf the Spear-Bearer (level 8, -1/65 HPs)
             Began as a Merfolk Berserker on June 12, 2023.
             Was an Elder of Trog.
             Splashed by a jelly's acid (4 damage)
             ... on level 6 of the Dungeon on June 17, 2023.
             The game lasted 00:16:24 (4545 turns).

NotreDorf the Spear-Bearer (Merfolk Berserker)      Turns: 4545, Time: 00:16:24

Health: -1/65      AC:  2    Str: 19    XL:     8   Next: 79%
Magic:  8/8        EV: 15    Int:  7    God:    Trog [****..]
Gold:   555        SH:  0    Dex: 13    Spells: 7/7 levels left

rFire   . . .        q - +0 trident
rCold   . . .        (no shield)
rNeg    + . .        b - +0 animal skin
rPois   +            y - +1 helmet
rElec   .            (no cloak)
rCorr   .            l - +0 pair of gloves of Baldness {rN+ Will+}
SInv    .            j - +0 pair of boots
Will    +....        m - amulet of regeneration
Stlth   +            x - ring of poison resistance
HPRegen 1.10/turn    (no ring)
MPRegen 0.11/turn

%: no passive effects
@: corroded
A: (nimble swimmer 2), mertail
a: Renounce Religion, Berserk, Trog's Hand, Brothers in Arms


You were on level 6 of the Dungeon.
You worshipped Trog.
Trog was greatly pleased with you.
You visited 1 branch of the dungeon, and saw 6 of its levels.
You also visited: Ossuary.

You collected 555 gold pieces.

Inventory:

Hand Weapons
 q - a +0 trident (weapon)
Missiles
 c - 93 stones (quivered)
 u - 2 throwing nets
Armour
 b - a +0 animal skin (worn)
 j - a +0 pair of boots (worn)
 l - the +0 pair of gloves of Baldness (worn) {rN+ Will+}
   (You found it on level 2 of the Dungeon)

   rN:        It protects you from negative energy.
   Will:      It increases your willpower.
 t - a +2 scale mail of willpower
 y - a +1 helmet (worn)
Jewellery
 f - an amulet of guardian spirit
 m - an amulet of regeneration (around neck)
 x - a ring of poison resistance (left hand)
Scrolls
 a - a scroll of immolation {unknown}
 d - 2 scrolls of amnesia {unknown}
 e - 2 scrolls of brand weapon {unknown}
 g - 2 scrolls of teleportation {unknown}
 i - 3 scrolls of vulnerability {unknown}
 k - 3 scrolls of identify {unknown}
 r - a scroll of fog {unknown}
 w - a scroll of poison {unknown}
 C - a scroll of magic mapping {unknown}
 D - a scroll of torment {unknown}
Potions
 h - 2 potions of resistance
 n - 2 potions of lignification {unknown}
 o - 3 potions of curing {unknown}
 p - a potion of degeneration {unknown}
 s - a potion of haste {unknown}
 v - 3 potions of mutation {unknown}
 z - a potion of heal wounds
 A - 2 potions of brilliance {unknown}
 B - a potion of berserk rage {unknown}


   Skills:
 + Level 6.6 Fighting
 + Level 8.0 Polearms
 + Level 5.1 Throwing
 - Level 1.3 Armour
 + Level 7.4 Dodging


You had 7 spell levels left.
You didn't know any spells.
Your spell library was empty.

Dungeon Overview and Level Annotations

Branches:
Dungeon (6/15)             Temple (0/1) D:5         Ossuary (visited)

Altars:
Cheibriados
Okawaru
Qazlal
Wu Jian
Yredelemnul
Zin
The Shining One

Annotations:
D:4 1 runed translucent door, safid's ghost, amateur MfIE


Innate Abilities, Weirdness & Mutations

((You are very nimble when in or above water. (Stealth+, EV+, Speed+++)))
Your lower body shifts to a powerful aquatic tail in water.


Message History

* * * LOW HITPOINT WARNING * * *
You puncture the wight!
The wight is severely damaged.
The wight misses you.
The orc hits you with a +1 hand axe of electrocution.
* * * LOW HITPOINT WARNING * * *
You hit the wight.
You destroy the wight!
Trog accepts your kill.
The orc hits you with a +1 hand axe of electrocution.
* * * LOW HITPOINT WARNING * * *
Your life force feels restored.
Your Throwing skill increases to level 5!
You closely miss the orc. Your punch misses the orc. You puncture the orc!
You kill the orc!
Trog accepts your kill.
You hit the scorpion.
The scorpion is moderately wounded.
The scorpion barely misses you.
You hit the scorpion.
The scorpion is heavily wounded.
The scorpion closely misses you.
You hit the scorpion but do no damage.
The scorpion is heavily wounded.
The scorpion barely misses you.
You puncture the scorpion!
You kill the scorpion!
Trog accepts your kill.
Your Polearms skill increases to level 8!
You puncture the jelly!
Your hands burn!
* * * LOW HITPOINT WARNING * * *
The jelly is heavily wounded.
The jelly completely misses you.
You hit the jelly. The acid corrodes you!
Your hands burn!
* * * LOW HITPOINT WARNING * * *
The jelly is severely wounded.
The jelly misses you.
You hit the jelly.
Your hands burn!
You die...

#.##.....#
#####.#####... ###
#.....#####... #..
#.###.)).##...
#.###.#...##.##>..
#..##.#....#.##...
#)......._........
#J####.#....#.###.
#@# #.##...#.# #.
#.).##....###.###.
##### ###.. ..#...
#.#####...
#.........
#####....~ #....~
#...~o #...~~


You could see a jelly.

Vanquished Creatures
  A water moccasin (D:4)
  An ice beast (D:4)
  An ogre (D:5)
  2 centaurs
  A phantom (D:6)
  2 kobold brigands (D:6)
  2 scorpions
  3 wights (D:6)
  A hound (D:5)
  A jelly (D:5)
  A sleepcap (D:5)
  2 orc wizards
  3 iguanas
  8 mummies (Ossuary)
  8 adders
  An ufetubus (D:5)
  2 worms (D:2)
  A dart slug (D:5)
  24 orcs
  4 ball pythons
  7 endoplasms
  6 giant cockroaches
  9 goblins
  16 hobgoblins
  2 jackals (D:2)
  2 quokkas
  8 bats
  8 frilled lizards
  3 hobgoblin zombies (Ossuary)
  15 kobolds
  A kobold zombie (Ossuary)
  4 orc zombies (Ossuary)
  3 rats
153 creatures vanquished.

Notes
Turn   | Place    | Note
-------+----------+-------------------------------------------
     0 | D:1      | NotreDorf the Merfolk Berserker began the quest for the
                  | Orb.
     0 | D:1      | Reached XP level 1. HP: 18/18 MP: 1/1
   170 | D:1      | Reached XP level 2. HP: 24/24 MP: 2/2
   590 | D:2      | Reached skill level 1 in Throwing
   590 | D:2      | Reached XP level 3. HP: 29/30 MP: 3/3
  1023 | D:2      | Reached ** piety under Trog
  1030 | D:2      | Reached XP level 4. HP: 21/37 MP: 1/4
  1235 | D:2      | Found a snail-covered altar of Cheibriados.
  1326 | D:2      | Identified the +0 pair of gloves of Baldness {rN+ Will+}
  1526 | D:3      | Found a basalt altar of Yredelemnul.
  1625 | D:3      | Found a faded altar of an unknown god.
  1771 | D:3      | Reached skill level 5 in Polearms
  1771 | D:3      | Reached XP level 5. HP: 31/42 MP: 5/5
  1977 | D:3      | Found a glowing silver altar of Zin.
  1977 | D:3      | Noticed an angel
  2158 | D:3      | Found a glowing golden altar of the Shining One.
  2409 | D:3      | Found an ornate altar of the Wu Jian Council.
  2601 | D:4      | Found a stormy altar of Qazlal.
  2628 | D:4      | Noticed safid's ghost (amateur MfIE)
  2629 | D:4      | Found a runed translucent door.
  2647 | D:4      | Reached *** piety under Trog
  2798 | D:4      | Noticed an ice beast
  2815 | D:4      | Killed an ice beast
  2816 | D:4      | Reached XP level 6. HP: 14/49 MP: 6/6
  2852 | D:4      | Noticed a water moccasin
  2870 | D:4      | Killed a water moccasin
  2871 | D:4      | Reached skill level 5 in Dodging
  2881 | D:4      | Reached skill level 5 in Fighting
  2881 | D:4      | Reached skill level 6 in Polearms
  3307 | D:5      | Entered Level 5 of the Dungeon
  3344 | D:5      | Found a staircase to the Ecumenical Temple.
  3354 | D:5      | Reached XP level 7. HP: 56/56 MP: 7/7
  3860 | D:6      | Reached skill level 7 in Polearms
  3860 | D:6      | Reached XP level 8. HP: 61/64 MP: 8/8
  3860 | D:6      | Found an iron altar of Okawaru.
  3955 | D:6      | Reached **** piety under Trog
  4056 | D:6      | Found a sand-covered staircase.
  4065 | Ossuary  | Entered an ossuary
  4537 | D:6      | Reached skill level 5 in Throwing
  4543 | D:6      | Reached skill level 8 in Polearms
  4544 | D:6      | HP: 2/65 [acid (5)]
  4545 | D:6      | Splashed by a jelly's acid

Illustrated notes

Levels and vault maps discovered:
D:1:      minmay_arrival_shattered_statue, layout_basic
D:2:      layout_loops_ring, basic_altar
D:3:      layout_loops_corners, nzn_wu_jian_council_hall,
          nicolae_tso_swordbearing_angel, old_standard_altar, zin_angel,
          dreamdust_ecumenical_altar_statues, dreamdust_mushroom_princess,
          minmay_tree_intersection
D:4:      minmay_recursive_quarters, layout_cave_pools, amcnicky_altar_gilded,
          hellmonk_ghost_happy_afterlife
D:5:      layout_rooms, minmay_temple_entry_junction
D:6:      cheibrodos_thug_alley, layout_loops_cross,
          nicolae_overflow_crystal_walls, nicolae_ossuary_entry_monument,
          nicolae_shop_overcharged_wands, uniq_prince_ribbit1

Skill      XL: |  1  2  3  4  5  6  7  8 |
---------------+-------------------------+-----
Dodging        | 3 4 5 6 7 |  7.4
Throwing       | 1 2 3 4 5 |  5.1
Fighting       | 4 5 6 |  6.6
Polearms       | 5 6 7 8 |  8.0
Armour         | |  1.3

Action                     |  1- 3 |  4- 6 |  7- 9 || total
---------------------------+-------+-------+-------++-------
  Melee: Spear             |   165 |   203 |       ||   368
         Trident           |       |    66 |   262 ||   328
         Punch             |       |     3 |     2 ||     5
  Throw: Stone             |     4 |    12 |    15 ||    31
    Use: Potion            |     2 |       |       ||     2
   Stab: Sleeping          |     2 |       |       ||     2
         Distracted        |       |       |     1 ||     1
 Armour: Animal skin       |    20 |    37 |    46 ||   103
  Dodge: Dodged            |    65 |   128 |   155 ||   348
